AoeStats
← Koti

Hideout

509701372Analyzed
1v1 RM · 5d ago on Sep 27, 2026· 55m 42s· 2 players
Game mode
Random Map
Map size
Tiny (2 player)
Population
200
Speed
Normal
Resources
Standard
Victory
Conquest
Starting age
Dark Age
Ending age
Imperial Age
RankedLock teamsTeams togetherTeam positionsShared explorationLock speedFull tech treeHidden civsTurbo modeCheats
Victory
Defeat
🇨🇿 Britons · Czechia
1730
+15
🇫🇷 Saracens · France
1716
-15
Koti
8:55 Feudal Age
9:21 Double-Bit Axe
10:21 Loom
10:51 Fletching
12:11 Padded Archer Armor
22:07 Castle Age
20:03 Gold Mining
20:29 Horse Collar
22:47 Bodkin Arrow
23:59 Leather Archer Armor
26:13 Bow Saw
31:13 Wheelbarrow
32:34 Heavy Plow
32:51 Town Watch
33:24 Stone Mining
34:40 Scale Barding Armor
35:17 Gold Shaft Mining
35:23 Hand Cart
36:01 Chain Barding Armor
40:35 Imperial Age
37:34 Elite Skirmisher
38:38 Light Cavalry
39:29 Bloodlines
39:19 Husbandry
39:28 Thumb Ring
40:05 Ballistics
41:16 Bracer
42:18 Chemistry
43:42 Ring Archer Armor
50:34 Conscription
52:00 Siege Engineers
JoeSham
10:28 Feudal Age
8:46 Loom
9:12 Loom
11:00 Double-Bit Axe
15:07 Castle Age
15:21 Fletching
16:23 Gold Mining
18:55 Bodkin Arrow
19:20 Crossbowman
21:46 Bow Saw
25:48 Horse Collar
26:55 Wheelbarrow
26:58 Town Watch
34:28 Imperial Age
32:21 Stone Mining
33:31 Ballistics
34:00 Hand Cart
34:47 Padded Archer Armor
35:16 Bracer
35:38 Pikeman
37:28 Conscription
38:29 Two-Man Saw
37:56 Arbalester
39:49 Squires
39:50 Scale Mail Armor
41:11 Forging
41:09 Murder Holes
41:50 Leather Archer Armor
42:25 Elite Skirmisher
43:36 Ring Archer Armor
43:53 Hoardings
42:42 Capped Ram
44:46 Iron Casting
45:30 Chain Mail Armor
46:22 Scale Barding Armor
46:50 Warwolf
46:46 Light Cavalry
47:27 Husbandry
47:51 Chain Barding Armor
50:50 Chemistry
50:00 Masonry
53:02 Plate Barding Armor
53:40 Blast Furnace
53:47 Plate Mail Armor
54:05 Yeomen
54:24 Halberdier
55:54 Masonry
55:50 Siege Engineers
55:35 Guard Tower
Connection lost

Rejoining the realm…

Still unreachable

The connection could not be restored.

Session expired

The server has moved on; the page needs a fresh start.